 Dungeon Sprint DCSS version 0.20-a0-1122-gb7cbeb9 (webtiles) character file.

89 potatolord6000 the Covered (level 4, -8/44 HPs)
             Began as a Minotaur Fighter on May 11, 2017.
             Was an Initiate of Gozag.
             Mangled by a troll (10 damage)
             ... in the Dungeon (Sprint IX: "|||||||||||||||||||||||||||||").
             The game lasted 00:01:02 (125 turns).

potatolord6000 the Covered (Minotaur Fighter)        Turns: 125, Time: 00:01:04

Health: -8/44      AC:  9    Str: 25    XL:     4   Next: 31%
Magic:  3/3        EV:  8    Int:  5    God:    Gozag
Gold:   0          SH: 11    Dex: 12    Spells: 3/3 levels left

rFire    . . .     SeeInvis .   p - +1 broad axe (chop)
rCold    . . .     Gourm    .   c - +0 shield
rNeg     . . .     Faith    .   s - +2 ring mail
rPois    .         Spirit   .   (helmet restricted)
rElec    .         Reflect  .   (no cloak)
rCorr    .         Harm     .   a - +0 pair of gloves
MR       .....     NoTele   +   (no boots)
Stlth    +.........             (no amulet)
Regen    0.2/turn               q - +3 ring of strength
MPRegen  0.1/turn               r - +3 ring of dexterity

@: no status effects
A: retaliatory headbutt, horns 2
a: Potion Petition, Call Merchant, Bribe Branch, Renounce Religion


You were in the Dungeon.
You worshipped Gozag.
Gozag was noncommittal.
You were not hungry.

You visited 1 branch

Inventory:

Hand Weapons
 p - a +1 broad axe of chopping (weapon)
Armour
 a - a +0 pair of gloves (worn)
 c - a +0 shield (worn)
 s - a +2 ring mail (worn)
Jewellery
 q - a +3 ring of strength (left hand)
 r - a +3 ring of dexterity (right hand)
Wands
 o - a wand of lightning (7/15)
Scrolls
 k - 2 scrolls of blinking
 m - 3 scrolls of remove curse
 n - 2 scrolls of amnesia
Potions
 d - a potion of might
 e - 5 potions of curing
 g - 2 potions of heal wounds
 h - a potion of haste
 i - 4 potions of magic
 j - a potion of berserk rage
 l - a potion of invisibility
Comestibles
 f - a bread ration


   Skills:
 + Level 6.1 Fighting
 + Level 5.5 Axes
 + Level 6.3 Armour
 + Level 6.3 Shields


You had 3 spell levels left.
You didn't know any spells.

Dungeon Overview and Level Annotations

Branches:
Dungeon (1/1)

Altars:
Cheibriados
Dithmenos
Elyvilon
Fedhas
Gozag
Hepliaklqana
Kikubaaqudgha
Makhleb
Nemelex Xobeh
Okawaru
Qazlal
Ru
Sif Muna
Trog
Uskayaw
Vehumet
Wu Jian
Xom
Yredelemnul
Zin
The Shining One
Beogh
Jiyva
Lugonu


Innate Abilities, Weirdness & Mutations

You reflexively headbutt those who attack you in melee.
You have a pair of horns on your head.


Message History

The troll is almost dead.
You block the troll's attack. The troll closely misses you.
You block the troll's attack. The troll bites you. The troll claws you!
You block the troll's attack.
You barely miss the troll.
The troll is severely wounded.
The troll bites you but does no damage. You block the troll's attack.
The troll claws you.
* * * LOW HITPOINT WARNING * * *
You feel much better. You block the troll's attack. The troll claws you!
The troll barely misses you.
You completely miss the troll. Your headbutt misses the troll.
The troll is severely wounded.
The troll bites you!
* * * LOW HITPOINT WARNING * * *
The troll claws you.
* * * LOW HITPOINT WARNING * * *
The troll claws you!
You die...
Your body crumbles into a pile of gold. $$$$$$ $$$$$ $ $ $ $$$$$ $ ▓▓▓▓▓▓▓▓▓▓▓▓▓▓▓▓▓▓▓▓▓▓▓▓ _______'..|)[.[.@TYzh... ▓▓▓▓▓▓▓▓▓▓▓▓▓▓▓▓▓▓▓▓▓▓▓▓

You could see a troll, a black bear, an ice beast and a wight.

Vanquished Creatures
  A quasit (D)
  A hound (D)
  An adder (D)
  A shadow imp (D)
  An adder skeleton (D)
  A bat (D)
  4 giant cockroaches (D)
  A goblin (D)
  A hobgoblin (D)
12 creatures vanquished.

Notes
Turn   | Place    | Note
-------+----------+-------------------------------------------
     0 | D        | potatolord6000 the Minotaur Fighter began the quest for the Orb.
     0 | D        | Reached XP level 1. HP: 19/19 MP: 0/0
    20 | D        | Reached XP level 2. HP: 26/27 MP: 1/1
    33 | D        | Reached skill level 5 in Fighting
    33 | D        | Reached skill level 5 in Armour
    33 | D        | Reached skill level 5 in Shields
    33 | D        | Reached XP level 3. HP: 33/36 MP: 2/2
    40 | D        | Found a roughly hewn altar of Beogh.
    40 | D        | Found a snail-covered altar of Cheibriados.
    40 | D        | Found a shadowy altar of Dithmenos.
    40 | D        | Found a white marble altar of Elyvilon.
    40 | D        | Found a blossoming altar of Fedhas.
    40 | D        | Found an opulent altar of Gozag.
    41 | D        | Found a hazy altar of Hepliaklqana.
    42 | D        | Found a viscous altar of Jiyva.
    43 | D        | Found an ancient bone altar of Kikubaaqudgha.
    44 | D        | Found a corrupted altar of Lugonu.
    45 | D        | Found a burning altar of Makhleb.
    46 | D        | Found a sparkling altar of Nemelex Xobeh.
    47 | D        | Found an iron altar of Okawaru.
    48 | D        | Became a worshipper of Gozag Ym Sagoz the Greedy
    49 | D        | Found a stormy altar of Qazlal.
    50 | D        | Found a sacrificial altar of Ru.
    51 | D        | Found a deep blue altar of Sif Muna.
    52 | D        | Found a bloodstained altar of Trog.
    53 | D        | Found a hide-covered altar of Uskayaw.
    54 | D        | Found a radiant altar of Vehumet.
    55 | D        | Found an ornate altar of the Wu Jian Council.
    56 | D        | Found a shimmering altar of Xom.
    57 | D        | Found a basalt altar of Yredelemnul.
    58 | D        | Found a glowing silver altar of Zin.
    59 | D        | Found a glowing golden altar of the Shining One.
   110 | D        | Noticed a troll
   110 | D        | Noticed an ice beast
   110 | D        | Noticed a black bear
   115 | D        | Reached skill level 5 in Axes
   119 | D        | Reached XP level 4. HP: 36/44 MP: 3/3
   125 | D        | HP: 2/44 [troll (6)]
   125 | D        | Mangled by a troll

Vault maps used:
D:        linesprint

Skill      XL: |  1  2  3 |
---------------+----------+-----
Armour         | 4 5 6 |  6.3
Shields        | 4 5 6 |  6.3
Fighting       | 4 5 6 |  6.1
Axes           | 3 4 5 |  5.5

Action                   |  1- 3 |  4- 6 || total
-------------------------+-------+-------++-------
Melee: War axe           |    23 |       ||    23
       Headbutt          |     3 |     1 ||     4
       Broad axe         |     9 |     5 ||    14
  Use: Potion            |       |     1 ||     1
Armor: Scale mail        |    10 |       ||    10
       Ring mail         |     7 |     2 ||     9
Dodge: Dodged            |    17 |     2 ||    19
Block: Shield            |    18 |    10 ||    28
